 Dungeon Crawl Stone Soup version 0.17-b1-15-g0f5fb43 (webtiles) character file.

231 4thArraOfDagon the Insei (level 5, 1/38 HPs)
             Began as a Demonspawn Assassin on Nov 3, 2015.
             Was an Initiate of Cheibriados.
             Quit the game on level 4 of the Dungeon.
             The game lasted 00:05:25 (720 turns).

4thArraOfDagon the Insei (Demonspawn Assassin)       Turns: 720, Time: 00:05:25

Health: 1/38       AC:  8    Str: 12    XL:     5   Next: 73%
Magic:  1/5        EV:  9    Int: 15    God:    Cheibriados [......]
Gold:   77         SH:  0    Dex: 15    Spells: 0 memorised, 4 levels left

rFire  . . .     SeeInvis .       - Unarmed
rCold  + . .     Clarity  .     k - +0 scale mail
rNeg   . . .     SustAt   .     (no shield)
rPois  .         Gourm    .     (no helmet)
rElec  .         Spirit   +     d - +1 cloak
rCorr  .         Warding  .     (no gloves)
rMut   .         Stasis   .     (no boots)
MR     .....                    (no amulet)
Stlth  +.........               (no ring)
                                (no ring)

@: lethally poisoned (1 -> -9), very slow, not resistant to hostile
enchantments, very unstealthy
A: cold resistance 1, magic shield
a: Bend Time, Renounce Religion


You were on level 4 of the Dungeon.
You worshipped Cheibriados.
Cheibriados was noncommittal.
You were not hungry.

You visited 2 branches of the dungeon, and saw 6 of its levels.

You collected 77 gold pieces.

Inventory:

Hand Weapons
 a - a +2 dagger
 b - a +0 blowgun
Missiles
 e - 5 poisoned needles
 f - a curare-tipped needle
Armour
 d - a +1 cloak (worn)
 j - a +0 plate armour
 k - a +0 scale mail (worn)
Comestibles
 g - 2 bread rations
 h - 2 meat rations
 i - a chunk of flesh
 l - a beef jerky


   Skills:
 - Level 2.1 Fighting
 - Level 1.7 Short Blades
 - Level 1.7 Throwing
 - Level 1.3 Dodging
 - Level 3.6 Stealth
 * Level 4.9 Unarmed Combat


You had 4 spell levels left.
You didn't know any spells.

Dungeon Overview and Level Annotations

Branches:
Dungeon (5/15)             Temple (1/1) D:5

Altars:
Cheibriados
Dithmenos
Elyvilon
Gozag
Kikubaaqudgha
Makhleb
Qazlal
Ru
Sif Muna
Trog
Vehumet
Yredelemnul

Annotations:
D:3 Grinder
D:4 Eustachio


Innate Abilities, Weirdness & Mutations

Your flesh is cold resistant.
When hurt, damage is shared between your health and your magic reserves.


Message History

The scorpion poisons you!
Unknown command.
* * * LOW HITPOINT WARNING * * *
You feel sick.
The giant gecko bites you but does no damage.
Unknown command.
Unknown command.
* * * LOW HITPOINT WARNING * * *
You feel sick.
Eustachio utters an oath, "I will die for my friends!"
Eustachio gestures wildly while chanting.
Eustachio blinks!
There is an open door here.
Unknown command.
* * * LOW HITPOINT WARNING * * *
You feel sick. The giant gecko misses you.
Unknown command.
Unknown command.
Unknown command.
Are you sure you want to abandon this character and quit the game? (Confirm with "yes".)

#.# ##.#### #..s..###
######## #...b)..##
#......#.....[..#..#
#......#...#######l#
#......#...#.....#)#
##......#####.#.#.#.#
#'......'.@@ls._..).#
##......#####.#ยง#.###
#.###...# #.....#
#.###.#.# #######
#.....#.# #.......#
#.####### #.# #.#


You could see Eustachio, a scorpion and a giant gecko.

Vanquished Creatures
  A scorpion (D:5)
  A hound (D:4)
  An orc priest (D:4)
  3 orc wizards (D:4)
  A gnoll (D:4)
  2 giant geckos (D:1)
  7 orcs
  A ball python (D:4)
  A bat (D:3)
  3 giant cockroaches
  3 goblins
  2 jackals (D:4)
26 creatures vanquished.

Notes
Turn   | Place    | Note
--------------------------------------------------------------
     0 | D:1      | 4thArraOfDagon the Demonspawn Assassin began the quest for the Orb.
     0 | D:1      | Reached XP level 1. HP: 16/16 MP: 1/1
    16 | D:1      | Reached skill level 1 in Dodging
    95 | D:3      | Gained mutation: Your flesh is cold resistant. [demonic ancestry]
    95 | D:3      | Reached XP level 2. HP: 20/22 MP: 2/2
   145 | D:3      | Noticed Grinder
   174 | D:3      | Reached skill level 1 in Unarmed Combat
   183 | D:3      | Paralysed by Grinder for 2 turns
   199 | D:3      | :(
   260 | D:4      | Found a deep blue altar of Sif Muna.
   272 | D:5      | Entered Level 5 of the Dungeon
   325 | D:5      | Found a staircase to the Ecumenical Temple.
   335 | Temple   | Entered the Ecumenical Temple
   342 | Temple   | Became a worshipper of Cheibriados the Contemplative
   396 | D:4      | HP: 1/22 [hound (4)]
   398 | D:4      | Reached XP level 3. HP: 1/27 MP: 3/3
   418 | D:4      | Reached XP level 4. HP: 3/33 MP: 4/4
   487 | D:5      | Noticed a scorpion
   496 | D:5      | Killed a scorpion
   496 | D:5      | Reached skill level 4 in Unarmed Combat
   526 | D:5      | Found a sacrificial altar of Ru.
   593 | D:4      | Gained mutation: When hurt, damage is shared between your health and your magic reserves. [demonic ancestry]
   593 | D:4      | Reached XP level 5. HP: 14/38 MP: 5/5
   611 | D:4      | Found a shadowy altar of Dithmenos.
   678 | D:4      | Noticed Eustachio
   682 | D:4      | Noticed a scorpion
   682 | D:4      | Noticed a scorpion
   684 | D:4      | WHY
   719 | D:4      | HP: 1/38 [poisoned by a scorpion]
   720 | D:4      | Quit the game

Action                   |  1- 3 |  4- 6 || total
-------------------------+-------+-------++-------
Melee: Dagger            |    65 |     9 ||    74
       Unarmed           |       |    25 ||    25
 Fire: Blowgun           |    13 |    15 ||    28
  Use: Potion            |     2 |     1 ||     3
       Scroll            |     1 |       ||     1
 Stab: Sleeping          |     2 |       ||     2
